 Dungeon Crawl Stone Soup version 0.22-a0-379-ga9d99d6 (webtiles) character file.

58 4thArraOfDagon the Digger (level 3, -2/36 HPs)
             Began as a Demonspawn Earth Elementalist on Apr 28, 2018.
             Slain by a wight
             ... wielding a +4 great sword of freezing
              (3 damage)
             ... on level 5 of the Dungeon.
             The game lasted 00:02:42 (766 turns).

4thArraOfDagon the Digger (DsEE)                     Turns: 766, Time: 00:02:43

Health: -2/36      AC: 21    Str:  8    XL:     3   Next: 75%
Magic:  2/7        EV:  2    Int: 17    God:
Gold:   27         SH:  0    Dex: 13    Spells: 6/7 levels left

rFire    . . .     SeeInvis .   (no weapon)
rCold    . . .     Gourm    .   (no shield)
rNeg     + + +     Faith    .   (armour currently unavailable)
rPois    +         Spirit   .   (helmet currently unavailable)
rElec    .         Reflect  .   (cloak currently unavailable)
rCorr    .         Harm     .   (gloves currently unavailable)
MR       .....     NoTele   +   (boots currently unavailable)
Stlth    ++........             (no amulet)
HPRegen  0.12/turn              (no ring)
MPRegen  0.10/turn              (no ring)

@: tree-form, very slightly contaminated, drained
A: no striking features
a: no special abilities


You were on level 5 of the Dungeon.
You were not hungry.
You were a tree.
You visited 1 branch of the dungeon, and saw 6 of its levels.

You collected 27 gold pieces.

Inventory:

Missiles
 b - 79 stones (quivered)
 e - 8 poisoned tomahawks
Armour
 c - a +0 robe (melded)
Jewellery
 j - an uncursed ring of ice {unknown}
Wands
 f - a wand of digging (7)
Scrolls
 g - a scroll of magic mapping {unknown}
 i - a scroll of identify {unknown}
Potions
 h - a potion of curing {unknown}
Comestibles
 d - 2 rations


   Skills:
 - Level 1.7(1.4) Dodging
 - Level 1.7(1.4) Stealth
 + Level 2.7(2.4) Spellcasting
   Level 0.8(0.5) Transmutations
 * Level 3.8(3.5) Earth Magic


You had 6 spell levels left.
You knew the following spells:

 Your Spells              Type           Power        Failure   Level  Hunger
a - Sandblast             Erth           ##....       4%          1    #......


Dungeon Overview and Level Annotations

Branches:
Dungeon (6/15)
 Temple: D:4-7

Altars:
Makhleb
Nemelex Xobeh
Okawaru
Zin

Annotations:
D:4 Dowan; Duvessa; VDreamerV's ghost, amateur OpTm
D:6 Sigmund


Innate Abilities, Weirdness & Mutations

((You have large cloven feet.))
((You are partially covered in large bone plates. (SH +4)))


Message History

Confirm with . or Enter, or press ? or * to list all spells.
Aiming: Sandblast (safe; 4% risk of failure)
Press: ? - help, Shift-Dir - straight line, f - wight
Aim: a wight, wielding a great sword of freezing and wearing a robe You miscast Sandblast.
You are very lightly contaminated with residual magic.
Nothing appears to happen.
The orc shouts!
You hear a shout!
Casting: Sandblast (safe; 4% risk of failure)
Confirm with . or Enter, or press ? or * to list all spells.
Aiming: Sandblast (safe; 4% risk of failure)
Press: ? - help, Shift-Dir - straight line, f/p - wight
Aim: a wight, wielding a great sword of freezing and wearing a robe The blast of sand hits the wight.
The wight is lightly damaged.
b - 79 stones The wight hits you with a great sword of freezing.
* * * LOW HITPOINT WARNING * * *
The wight freezes you.
You die...

.....$##. #
........ .###
..[...##...#
#..........#
#...........
##...........
#....z.......
#.♣....# ...####
#......##..$.
...... #......#
#. .....
#......# #.#
.... #.......
#..# #...
#.####.o#
###..####... #.
... ...<....#...
#
.....o...o.....>
.......<....


You could see a wight and an orc.

Vanquished Creatures
  A scorpion (D:4)
  An orc (D:6)
  A goblin (D:3)
  A hobgoblin (D:3)
  2 quokkas
  3 kobolds
  A rat (D:3)
10 creatures vanquished.

Notes
Turn   | Place    | Note
-------+----------+-------------------------------------------
     0 | D:1      | 4thArraOfDagon the Demonspawn Earth Elementalist began the quest for the Orb.
     0 | D:1      | Reached XP level 1. HP: 13/13 MP: 3/3
    42 | D:2      | Found a burning altar of Makhleb.
   159 | D:3      | Reached skill level 3 in Earth Magic
   209 | D:3      | Gained mutation: You are partially covered in large bone plates. (SH +4) [demonic ancestry]
   209 | D:3      | Reached XP level 2. HP: 19/19 MP: 1/5
   260 | D:4      | Noticed Duvessa
   260 | D:4      | Noticed Dowan
   331 | D:4      | Noticed VDreamerV's ghost (amateur OpTm)
   416 | D:4      | Found a glowing silver altar of Zin.
   417 | D:4      | Found a sparkling altar of Nemelex Xobeh.
   672 | D:4      | Noticed a scorpion
   698 | D:4      | Killed a scorpion
   698 | D:4      | Gained mutation: You have large cloven feet. [demonic ancestry]
   698 | D:4      | Reached XP level 3. HP: 23/24 MP: 0/7
   734 | D:5      | Entered Level 5 of the Dungeon
   744 | D:6      | Noticed Sigmund
   750 | D:6      | Found an iron altar of Okawaru.
   766 | D:5      | HP: 1/36 [wight/great sword of freezing (6)]
   766 | D:5      | Slain by a wight

Vault maps used:
D:1:      evilmike_arrival_crescent, minmay_misc_feat_four_crosses
D:2:      overflow_temple_1_default, grunt_ministairs_13
D:4:      gammafunk_temple_overflow_pools, grunt_qazlal_sundering, uniq_duvessa
D:5:      first_ration
D:6:      minmay_temple_entry_from_below_a, okawaru_ov_weapons_minmay,
          uniq_eustachio, uniq_sigmund

Skill      XL: |  1 |
---------------+----+-----
Earth Magic    | 3 |  3.8
Dodging        | |  1.7
Stealth        | |  1.7
Spellcasting   | |  2.7
Transmutations | |  0.8

Action                   || total
-------------------------++-------
Melee: Unarmed           ||    12
 Cast: Sandblast         ||    26
  Use: Potion            ||     1
 Stab: Sleeping          ||     1
Armor: Robe              ||     6
Dodge: Dodged            ||    15
Block: Other             ||     1

Table legend:
 A = Spawn XP
 B = Non-spawn XP
 C = Spawn XP percentage of total XP
 D = Spawn monster count
 E = Non-spawn monster count
 F = Spawn count percentage of total count
 G = Total turns spent on level
                    A         B        C        D         E        F      G
               +---------+---------+-------+---------+---------+-------+---------
         Total |       0 |      83 |   0.0 |       0 |      10 |   0.0 |   766
               +---------+---------+-------+---------+---------+-------+---------
           D:1 |       0 |       2 |   0.0 |       0 |       2 |   0.0 |    42
           D:2 |       0 |       2 |   0.0 |       0 |       1 |   0.0 |    51
           D:3 |       0 |       9 |   0.0 |       0 |       5 |   0.0 |   476
           D:4 |       0 |      67 |   0.0 |       0 |       1 |   0.0 |   165
           D:6 |       0 |       3 |   0.0 |       0 |       1 |   0.0 |    23
               +---------+---------+-------+---------+---------+-------+---------
